 Dungeon Crawl Stone Soup version 0.30-a0-368-g86fb4627a9 (webtiles) character file.

Game seed: 4359155013947960645

33 oldriver the Grave Robber (level 3, 0/27 HPs)
             Began as a Mummy Necromancer on Nov 19, 2022.
             Slain by an orc
             ... wielding a +0 hand axe
              (5 damage)
             ... on level 1 of the Dungeon.
             The game lasted 00:01:49 (1332 turns).

oldriver the Grave Robber (Mummy Necromancer)       Turns: 1332, Time: 00:01:49

Health: 0/27       AC:  2    Str: 11    XL:     3   Next: 12%
Magic:  8/8        EV: 12    Int: 16    God:
Gold:   128        SH:  0    Dex: 12    Spells: 8/9 levels left

rFire   x . .      SeeInvis .    b - +0 spear
rCold   + . .      Faith    +    (no shield)
rNeg    + + +      Spirit   .    a - +0 robe
rPois   ∞          Reflect  .    (no helmet)
rElec   .          Harm     .    (no cloak)
rCorr   .          Rampage  .    (no gloves)
Will    .....                    (no boots)
Stlth   ++........               (no amulet)
HPRegen 0.24/turn                (no ring)
MPRegen 0.11/turn                (no ring)

@: no status effects
A: cold resistance 1, negative energy resistance 3, torment resistance 2, heat
vulnerability 1, in touch with death 1, no potions, faith
a: no special abilities


You were on level 1 of the Dungeon.
You visited 1 branch of the dungeon, and saw 2 of its levels.

You collected 128 gold pieces.

Inventory:

Hand Weapons
 b - a +0 spear (weapon)
Armour
 a - a +0 robe (worn)
Scrolls
 c - a scroll of noise {unknown}
 d - a scroll of summoning {unknown}
 e - a scroll of immolation {unknown}
 f - a scroll of identify {unknown}
 g - a scroll of poison {unknown}


   Skills:
 + Level 1.9 Fighting
 - Level 1.5 Dodging
 - Level 1.5 Stealth
 + Level 3.7 Spellcasting
 - Level 4.0 Necromancy


You had 8 spell levels left.
You knew the following spells:

 Your Spells              Type           Power      Damage    Failure   Level
a - Necrotise             Necr           92%        1d8       3%          1

Your spell library contained the following spells:

 Spells                   Type           Power      Damage    Failure   Level
 Vampiric Draining        Necr           23%        2d7       10%         3
 Animate Dead             Necr           23%        N/A       32%         4
 Hailstorm                Conj/Ice       3%         3d3       45%         3
 Agony                    Necr           23%        N/A       67%         5
 Simulacrum               Ice/Necr       7%         N/A       100%        6
 Ice Form                 Ice/Tmut       Unusable   N/A       N/A         4

Dungeon Overview and Level Annotations

Branches:
Dungeon (2/15)

Altars:

Shops:
D:1 :


Innate Abilities, Weirdness & Mutations

You are immune to poison.
Your flesh is cold resistant. (rC+)
You are immune to negative energy. (rN+++)
You are immune to unholy pain and torment.
You are vulnerable to heat. (rF-)
You are in touch with the powers of death.
You do not drink.
You have a special connection with the divine. (Faith)


Message History

You climb upwards.
Reactivating autopickup.
There is a stone staircase leading down here.
You start resting.
Magic restored.
You start resting.
HP restored.
You climb downwards.
The orc hits you with a +0 hand axe. The orc hits you with a +0 hand axe!
There is a stone staircase leading up here.
You feel a surge of power!
The orc writhes in agony.
The orc hits you with a +0 hand axe. x2
You are too injured to fight recklessly!
Unknown command.
The orc closely misses you. The orc hits you with a +0 hand axe.
* * * LOW HITPOINT WARNING * * *
The orc wizard casts a spell.
The orc wizard flickers and vanishes!
Deactivating autopickup; reactivate with Ctrl-A.
You climb upwards.
Reactivating autopickup.
There is a stone staircase leading down here.
The orc attacks as you move away! The orc hits you with a +0 hand axe.
* * * LOW HITPOINT WARNING * * *
The orc attacks as you move away! The orc closely misses you.
There is a staircase leading out of the dungeon here.
You are too injured to fight recklessly!
The orc attacks as you move away! The orc closely misses you.
The orc attacks as you move away! The orc misses you.
The orc attacks as you move away! The orc hits you with a +0 hand axe.
* * * LOW HITPOINT WARNING * * *
The orc attacks as you move away! The orc hits you with a +0 hand axe.
* * * LOW HITPOINT WARNING * * *
You hit the orc.
The orc is heavily wounded.
The orc closely misses you. x3
You closely miss the orc.
The orc is heavily wounded.
The orc hits you with a +0 hand axe.
You die...

#######.........## #.#
#.....##.#..).#..#####.##
####.###.##.###...........≈#
#....# #.##.###.>.....≈.§≈≈#
#.#### #.##........§≈§.≈§≈§#
#.# #.###..<#.§.§≈≈≈≈≈§≈#
#####.# #.#
#..##.§§§≈§≈≈≈≈≈# ......#
#.# #oo...§≈§§§§≈§§≈#
#######
#.###@...§≈§§§§≈≈§≈≈#
#........§§≈≈§≈≈≈§≈§#
#.###.....≈≈≈≈§≈≈≈≈≈# #.#
#....≈≈≈≈§≈§≈≈≈ #.#
#...≈≈≈≈≈§≈§ ≈ ###
#...§≈§≈§≈≈≈ ############


You could see 2 orcs.

Vanquished Creatures
  An adder (D:2)
  A worm (D:2)
  An orc (D:2)
  3 endoplasms
  2 hobgoblins (D:2)
  4 ball pythons
  2 bats
  3 frilled lizards
  3 kobolds
  2 rats
22 creatures vanquished.

Vanquished Creatures (collateral kills)
  A goblin (D:1)
1 creature vanquished.

Grand Total: 23 creatures vanquished

Notes
Turn   | Place    | Note
-------+----------+-------------------------------------------
     0 | D:1      | oldriver the Mummy Necromancer began the quest for the Orb.
     0 | D:1      | Reached XP level 1. HP: 13/13 MP: 4/4
   311 | D:1      | Found Togred Peown's Book Shop.
   500 | D:1      | Reached skill level 1 in Fighting
   506 | D:1      | Reached XP level 2. HP: 21/21 MP: 1/6
  1115 | D:2      | Gained mutation: You are in touch with the powers of death.
                  | [Mummy growth]
  1115 | D:2      | Reached XP level 3. HP: 9/27 MP: 1/8
  1332 | D:1      | Slain by an orc

Illustrated notes

Levels and vault maps discovered:
D:1:      dpeg_arrival_lava_altar, layout_basic, serial_shops,
          nicolae_shop_competitors_out_of_business
D:2:      cheibrodos_pilgrimage, layout_loops_ring, basic_altar

Skill      XL: |  1 |
---------------+----+-----
Spellcasting   | 3 |  3.7
Fighting       | 1 |  1.9
Dodging        | |  1.5
Stealth        | |  1.5
Necromancy     | |  4.0

Action                   || total
-------------------------++-------
Melee: Spear             ||    18
 Cast: Necrotise         ||    42
Armor: Robe              ||     2
Dodge: Dodged            ||    24

Table legend: (Time is in decaauts)
 A = Elapsed time spent in this place.
 B = Non-inter-level travel time spent in this place.
 C = Inter-level travel time spent in this place.
 D = Time resting spent in this place.
 E = Time spent auto-exploring this place.
 F = Levels seen in this place.
 G = Mean time per level.
                   A        B        C        D        E       F      G
               +--------+--------+--------+--------+--------+-----+--------+
         Total |   1334 |   1299 |     35 |    138 |    970 |   2 |  667.0 |
       Dungeon |   1334 |   1299 |     35 |    138 |    970 |   2 |  667.0 |
               +--------+--------+--------+--------+--------+-----+--------+

Top non-repeatable levels by time:
     D:1: 713 daAuts
     D:2: 621 daAuts
